 Dungeon Crawl Stone Soup version 0.27-a0-46-g34d46f0a3f (webtiles) character file.

Game seed: 17516742040884023300

6242 Borgoz the Slicer (level 11, -4/78 HPs)
             Began as a Halfling Gladiator on Jan 6, 2021.
             Was a Believer of Dithmenos.
             Killed by divine providence
             ... invoked by an orc priest
              (12 damage)
             ... on level 9 of the Dungeon.
             The game lasted 00:14:36 (11217 turns).

Borgoz the Slicer (Halfling Gladiator)             Turns: 11217, Time: 00:14:37

Health: -4/78      AC: 16    Str: 15    XL:     11   Next: 15%
Magic:  11/11      EV: 18    Int:  6    God:    Dithmenos [**....]
Gold:   684        SH:  5    Dex: 17    Spells: 10/10 levels left

rFire    . . .     SeeInvis +   b - +2 dagger (venom)
rCold    + + +     Faith    .   (shield restricted)
rNeg     . . .     Spirit   .   w - +2 ring mail {rC+}
rPois    .         Reflect  +   c - +1 helmet
rElec    .         Harm     .   f - +0 cloak
rCorr    .         Rampage  .   (no gloves)
Will     ++...                  (no boots)
Stlth    +.........             r - amulet "Hacroq" {Reflect rC++ Will++ Str-3 SH+5}
HPRegen  0.23/turn              t - ring of see invisible
MPRegen  0.12/turn              z - +4 ring of protection (curse)

@: wreathed by umbra
A: small, mutation resistance 1
a: Renounce Religion, Shadow Step


You were on level 9 of the Dungeon.
You worshipped Dithmenos.
Dithmenos was pleased with you.
You visited 2 branches of the dungeon, and saw 10 of its levels.
You also visited: Sewer.

You collected 684 gold pieces.

Inventory:

Hand Weapons
 a - a +2 vorpal falchion
 b - a +2 dagger of venom (weapon)
 A - a +0 rapier
Missiles
 d - a throwing net (quivered)
Armour
 c - a +1 helmet (worn)
 f - a +0 cloak (worn)
 w - a +2 ring mail of cold resistance (worn)
Jewellery
 h - an uncursed ring of wizardry
 r - the amulet "Hacroq" (around neck) {Reflect rC++ Will++ Str-3 SH+5}
   (You took it off a gnoll on level 6 of the Dungeon)

   [amulet of reflection]

   It shields you and reflects attacks.
   It affects your strength (-3).
   It greatly protects you from cold.
   It affects your willpower, your defense against some magical effects.
   It affects your SH (+5).
 s - an uncursed ring of flight
 t - a ring of see invisible (left hand)
 z - a cursed +4 ring of protection (right hand)
Wands
 k - a wand of flame (12)
 v - a wand of paralysis (8)
 y - a wand of random effects (31)
Scrolls
 g - 2 scrolls of blinking
 j - 3 scrolls of amnesia
 l - 3 scrolls of remove curse
 m - a scroll of enchant armour
 p - 5 scrolls of teleportation
 q - 3 scrolls of enchant weapon
Potions
 e - 3 potions of lignification
 i - 2 potions of magic
 n - 2 potions of mutation
 o - 3 potions of brilliance
 u - 4 potions of flight
 x - a potion of invisibility


   Skills:
 * Level 8.8 Fighting
 * Level 11.6 Short Blades
 - Level 2.0 Throwing
 + Level 7.0 Armour
 + Level 8.0 Dodging


You had 10 spell levels left.
You didn't know any spells.
Your spell library contained the following spells:

 Spells                   Type           Power        Failure   Level
 Sting                    Tmut/Pois      0%           65%         1
 Poisonous Vapours        Pois/Air       0%           80%         2
 Ignite Poison            Fire/Tmut/Pois 0%           95%         3
 Mephitic Cloud           Conj/Pois/Air  0%           95%         3
 Olgreb's Toxic Radiance  Pois           0%           100%        4


Dungeon Overview and Level Annotations

Branches:
Dungeon (9/15)             Temple (1/1) D:5           Sewer (visited)
   Lair: D:8-11         Orc: D:9-12

Altars:
Ashenzari
Cheibriados
Dithmenos
Elyvilon
Fedhas
Gozag
Hepliaklqana
Kikubaaqudgha
Makhleb
Nemelex Xobeh
Okawaru
Qazlal
Ru
Sif Muna
Trog
Uskayaw
Vehumet
Wu Jian
Xom
Yredelemnul
Zin
The Shining One


Innate Abilities, Weirdness & Mutations

You are small and have problems with some larger weapons.
You are somewhat resistant to further mutation.


Message History

The orc priest is lightly wounded.
The orc priest completely misses you.
You barely miss the orc priest.
The orc priest is lightly wounded.
The orc priest misses you. The orc barely misses you.
You hit the orc priest.
The orc priest is moderately wounded.
The orc priest mumbles some strange prayers to Beogh against you.
Beogh smites you!
* * * LOW HITPOINT WARNING * * *
You hit the orc priest.
The orc priest is poisoned.
The orc priest is heavily wounded.
The orc priest hits you but does no damage.
The orc barely misses you.
Okay, then.
You hit the orc priest.
The orc priest is heavily wounded.
The orc priest mumbles some strange prayers to Beogh against you.
Beogh smites you!
You die...

#.## #.# .# #.#
#####.# #.# .......
.#####.## .......
#........## .......
#######...####
.......
#..#....####oo.....
#.#####....@o......
#. ######†.>.... #.
....... #. #######


You could see 2 orc priests and an orc (poisoned).

Vanquished Creatures
  A two-headed ogre (D:9)
  Pikel (D:5)
  Maurice (D:9)
  Psyche (D:9)
  Grinder (D:5)
  Prince Ribbit (D:9)
  A troll (D:9)
  A steam dragon (D:9)
  An orc warrior (D:6)
  2 sky beasts
  A black bear (D:8)
  9 ogres
  A necrophage (D:9)
  2 centaurs
  4 lemures (D:5)
  4 bullfrogs
  2 gnoll sergeants
  6 scorpions
  4 howler monkeys
  2 bullfrog zombies (D:8)
  A quasit (D:8)
  8 orc priests
  2 hounds
  3 bullfrog skeletons
  2 iguanas
  13 orc wizards
  2 merfolk sirens (Sewer)
  6 worker ants
  A merfolk avatar (Sewer)
  A hound zombie (D:6)
  2 hound skeletons
  A howler monkey zombie (D:5)
  A howler monkey skeleton (D:6)
  17 gnolls
  2 river rats
  9 adders
  2 shadow imps
  An ufetubus (D:6)
  An ooze (D:5)
  An adder skeleton (D:6)
  2 worms
  4 dart slugs
  6 leopard geckos
  34 orcs
  3 bats
  9 giant cockroaches
  5 goblins
  8 hobgoblins
  2 jackals (D:5)
  3 quokkas
  5 ball pythons
  10 frilled lizards
  8 kobolds
  A leopard gecko zombie (D:5)
  29 rats
251 creatures vanquished.

Vanquished Creatures (others)
  2 butterflies (D:9)
2 creatures vanquished.

Grand Total: 253 creatures vanquished

Notes
Turn   | Place    | Note
-------+----------+-------------------------------------------
     0 | D:1      | Borgoz the Halfling Gladiator began the quest for the Orb.
     0 | D:1      | Reached XP level 1. HP: 14/14 MP: 1/1
   108 | D:1      | Reached XP level 2. HP: 18/19 MP: 2/2
   342 | D:1      | Reached skill level 4 in Short Blades
   765 | D:1      | Reached XP level 3. HP: 23/24 MP: 3/3
  1035 | D:2      | Found a faded altar of an unknown god.
  1612 | D:3      | Reached skill level 1 in Armour
  1662 | D:3      | Reached XP level 4. HP: 17/30 MP: 4/4
  2143 | D:3      | Noticed an ogre
  2157 | D:3      | Killed an ogre
  2158 | D:3      | Reached skill level 5 in Short Blades
  2158 | D:3      | Reached XP level 5. HP: 36/36 MP: 5/5
  2402 | D:3      | Reached XP level 6. HP: 42/42 MP: 6/6
  2729 | D:4      | Noticed an ogre
  2743 | D:4      | Killed an ogre
  2937 | D:4      | Found a glowing golden altar of the Shining One.
  3140 | D:4      | Reached skill level 6 in Short Blades
  3140 | D:4      | Reached XP level 7. HP: 34/47 MP: 7/7
  4099 | D:5      | Entered Level 5 of the Dungeon
  4297 | D:5      | Reached skill level 5 in Dodging
  4297 | D:5      | Reached XP level 8. HP: 17/54 MP: 8/8
  4543 | D:5      | Noticed Pikel
  4581 | D:5      | Reached skill level 7 in Short Blades
  4617 | D:5      | Killed Pikel
  4618 | D:5      | Reached skill level 5 in Fighting
  4907 | D:5      | Reached skill level 8 in Short Blades
  5045 | D:5      | Found a staircase to the Ecumenical Temple.
  5071 | D:5      | Reached XP level 9. HP: 27/62 MP: 9/9
  5093 | D:5      | Noticed Grinder
  5204 | D:6      | Identified the amulet "Hacroq" {Reflect rC++ Will++ Str-3
                  | SH+5}
  5250 | D:6      | HP: 2/62 [gnoll/+0 spear (3)]
  5606 | D:6      | Found a glowing drain.
  5624 | Sewer    | Entered a sewer
  6432 | D:6      | Reached skill level 9 in Short Blades
  6709 | D:6      | Reached skill level 5 in Armour
  7021 | D:5      | Killed Grinder
  7135 | Temple   | Entered the Ecumenical Temple
  7288 | Temple   | Became a worshipper of Dithmenos the Shadowed
  7854 | D:7      | Reached XP level 10. HP: 71/71 MP: 10/10
  8489 | D:8      | Reached skill level 10 in Short Blades
  8491 | D:8      | Reached * piety under Dithmenos
 10018 | D:9      | Found a shimmering altar of Xom.
 10129 | D:9      | Noticed Psyche
 10129 | D:9      | Noticed a two-headed ogre
 10158 | D:9      | Killed a two-headed ogre
 10165 | D:9      | Killed Psyche
 10166 | D:9      | Reached skill level 11 in Short Blades
 10572 | D:9      | Noticed Maurice
 10621 | D:9      | Reached ** piety under Dithmenos
 10652 | D:9      | Killed Maurice
 10653 | D:9      | Reached XP level 11. HP: 11/78 MP: 11/11
 11124 | D:9      | Noticed Prince Ribbit
 11144 | D:9      | Killed Prince Ribbit
 11217 | D:9      | Killed from afar by an orc priest

Illustrated notes

Levels and vault maps discovered:
D:1:      minmay_arrival_four_loops, layout_basic, serial_curves,
          eino_curves_02, eino_curves_01, eino_curves_02
D:2:      layout_rooms, chequers_ecumenical_altar_simple_redux, serial_glass,
          glass_columns_b, glass_columns_a
D:3:      layout_loops_corners, ebering_dispersal_statue_hall,
          amcnicky_mini_rare_corridor_liquid, minivault_24, serial_park_tiny_1,
          kennysheep_generic_room_5
D:4:      layout_gridville, nicolae_tso_swordbearing_angel
D:5:      layout_basic, minmay_temple_entry_mini_moons,
          kennysheep_generic_room_12, uniq_grinder, uniq_pikel
D:6:      minmay_recursive_quarters, layout_loops_ring, portal_sewer_entry_e
D:7:      layout_gridville, hangedman_decor_points
D:8:      layout_basic
D:9:      layout_roguey, xom_butterflies, uniq_psyche, uniq_maurice,
          uniq_prince_ribbit1
Temple:   kilobyte_greek_temple

Skill      XL: |  1  2  3  4  5  6  7  8  9 10 11 |
---------------+----------------------------------+-----
Fighting       | 2 3 4 5 7 8 |  8.8
Short Blades   | 4 5 6 8 9 11 | 11.6
Armour         | 1 2 3 4 5 6 7 |  7.0
Dodging        | 4 5 6 7 8 |  8.0
Throwing       | |  2.0

Action                   |  1- 3 |  4- 6 |  7- 9 | 10-12 || total
-------------------------+-------+-------+-------+-------++-------
Melee: Rapier            |    86 |       |    36 |       ||   122
       Dagger            |    18 |    98 |   575 |   498 ||  1189
       Falchion          |       |       |       |    34 ||    34
Throw: Throwing net      |       |     1 |     1 |     1 ||     3
 Abil: Evoke Flight      |       |       |     1 |       ||     1
Evoke: Wand              |       |       |       |     2 ||     2
  Use: Scroll            |     4 |       |    15 |     6 ||    25
       Potion            |       |       |     5 |     1 ||     6
 Stab: Sleeping          |     1 |       |       |       ||     1
       Held in net/web   |       |     1 |     2 |       ||     3
Armor: Leather armour    |     5 |       |       |       ||     5
       Ring mail         |    15 |    19 |    77 |    98 ||   209
       Skin              |       |       |    51 |       ||    51
Dodge: Dodged            |    65 |    70 |   261 |   341 ||   737
Block: Other             |       |       |    47 |   101 ||   148
       Reflection        |       |       |       |     1 ||     1
       Rpst.: Falchion   |       |       |       |    20 ||    20

Table legend: (Time is in decaauts)
 A = Elapsed time spent in this place.
 B = Non-inter-level travel time spent in this place.
 C = Inter-level travel time spent in this place.
 D = Time resting spent in this place.
 E = Time spent auto-exploring this place.
 F = Levels seen in this place.
 G = Mean time per level.
                   A        B        C        D        E       F      G
               +--------+--------+--------+--------+--------+-----+--------+
         Total |  10755 |  10406 |    349 |   2382 |   6041 |  11 |  977.7 |
       Dungeon |   9977 |   9636 |    341 |   2297 |   5649 |   9 | 1108.6 |
        Temple |    193 |    185 |      8 |      0 |    171 |   1 |  193.0 |
         Sewer |    584 |    584 |      0 |     85 |    221 |   1 |  584.0 |
               +--------+--------+--------+--------+--------+-----+--------+

Top non-repeatable levels by time:
     D:8: 1533 daAuts
     D:4: 1491 daAuts
     D:6: 1264 daAuts
     D:5: 1189 daAuts
     D:3: 1170 daAuts
     D:9: 1108 daAuts
     D:1: 926 daAuts
     D:7: 828 daAuts
   Sewer: 584 daAuts
     D:2: 464 daAuts
  Temple: 193 daAuts
